 Dungeon Crawl Stone Soup version 0.23.2-1-ga50397a (webtiles) character file.

Game seed: 5731801102028471244

10 AshenSkies the Digger (level 2, -2/15 HPs)
             Began as a Gargoyle Earth Elementalist on Apr 19, 2019.
             Killed from afar by Sigmund (4 damage)
             ... with a puff of flame
             ... on level 2 of the Dungeon.
             The game lasted 00:07:05 (1329 turns).

AshenSkies the Digger (Gargoyle Earth Elementalist) Turns: 1329, Time: 00:07:06

Health: -2/15      AC:  8    Str: 11    XL:     2   Next: 20%
Magic:  5/5        EV:  9    Int: 15    God:
Gold:   35         SH:  0    Dex: 10    Spells: 4/5 levels left

rFire    . . .     SeeInvis .   d - +0 club
rCold    . . .     Gourm    .   (no shield)
rNeg     + . .     Faith    .   g - +0 scale mail {rPois}
rPois    ∞         Spirit   .   (no helmet)
rElec    +         Reflect  .   (no cloak)
rCorr    .         Harm     .   (no gloves)
MR       .....                  (no boots)
Stlth    ..........             (no amulet)
HPRegen  0.05/turn              (no ring)
MPRegen  0.09/turn              (no ring)

@: no status effects
A: negative energy resistance 1, electricity resistance, unbreathing,
petrification resistance, rot immunity, AC +2
a: no special abilities


You were on level 2 of the Dungeon.
You were not hungry.

You visited 1 branch of the dungeon, and saw 2 of its levels.

You collected 35 gold pieces.

Inventory:

Hand Weapons
 d - a +0 club (weapon)
Missiles
 b - 27 stones (quivered)
Armour
 c - a +0 robe
 g - a +0 scale mail of poison resistance (worn)
Scrolls
 f - a scroll of enchant armour
Potions
 a - 2 potions of mutation {unknown}
 i - 2 potions of curing {unknown}
Comestibles
 h - a ration


   Skills:
 + Level 1.8 Dodging
 + Level 2.4 Stealth
 + Level 2.0 Spellcasting
   Level 0.7 Transmutations
 + Level 4.0 Earth Magic


You had 4 spell levels left.
You knew the following spells:

 Your Spells              Type           Power        Failure   Level  Hunger
a - Sandblast             Erth           ##....       26%         1    #......

Your spell library contained the following spells:

 Spells                   Type           Power        Failure   Level  Hunger
 Passwall                 Tmut/Erth      #.......     63%         2    ###....
 Stone Arrow              Conj/Erth      #.....       88%         3    ###....
 Petrify                  Tmut/Erth      #.......     99%         4    #####..
 Lee's Rapid Deconstruct  Erth           ##........   100%        5    ######.


Dungeon Overview and Level Annotations

Branches:
Dungeon (2/15)

Altars:
Qazlal

Annotations:
D:2 Sigmund


Innate Abilities, Weirdness & Mutations

You are resistant to torment.
Your stone body is resilient. (AC +2)
You are immune to poison.
You resist negative energy. (rN+)
You are resistant to electric shocks. (rElec)
You can survive without breathing.
You are immune to petrification.
You are immune to rotting.


Message History

You're too confused to move!
You bump into the rock wall.
Sigmund barely misses you.
You bump into the stone wall.
Sigmund hits you but does no damage.
You bump into the rock wall.
Sigmund hits you with a +2 scythe of protection!
Ouch! That really hurt!
You're too confused to cast spells.
Unknown command.
Unknown command.
You're too confused to cast spells.
You bump into the rock wall.
Sigmund hits you with a +2 scythe of protection.
* * * LOW HITPOINT WARNING * * *
You feel less confused. Sigmund closely misses you.
Sigmund hits you from afar with a +2 scythe of protection.
* * * LOW HITPOINT WARNING * * *
Sigmund points at you and mumbles some strange words.
The puff of flame hits you.
You die...

## #### .) #.. .# #.#
####..# ####.##
#####.....###
....#.#######...#.##.....
......[†...l@...@<....#
#############.#######.#
§§§§#.#§§§§ #§§§§#.#§§§§#
#§§§§#.#§§§§#
#§§§§#_#§§§§#
#§§§§###§§§§#
#§§§§§8§§§§§#


You could see Sigmund and a frilled lizard.

Vanquished Creatures
  A dart slug (D:1)
  2 bats (D:1)
  A hobgoblin (D:1)
  A frilled lizard (D:1)
  2 kobolds (D:1)
  2 rats
9 creatures vanquished.

Notes
Turn   | Place    | Note
-------+----------+-------------------------------------------
     0 | D:1      | AshenSkies the Gargoyle Earth Elementalist began the quest
                  | for the Orb.
     0 | D:1      | Reached XP level 1. HP: 10/10 MP: 3/3
   750 | D:1      | Reached XP level 2. HP: 14/15 MP: 0/5
   845 | D:1      | Reached skill level 4 in Earth Magic
  1267 | D:2      | Found a stormy altar of Qazlal.
  1302 | D:2      | Noticed Sigmund
  1329 | D:2      | Killed from afar by Sigmund

Skill      XL: |  1  2 |
---------------+-------+-----
Earth Magic    | 4 |  4.0
Dodging        | |  1.8
Stealth        | |  2.4
Spellcasting   | |  2.0
Transmutations | |  0.7

Action                   || total
-------------------------++-------
Melee: Unarmed           ||     1
       Club              ||     7
 Cast: Sandblast         ||    15
  Use: Scroll            ||     1
  Eat: Ration            ||     1
Armor: Robe              ||     2
       Scale mail        ||     8
Dodge: Dodged            ||    17
